Oilers vs Sharks

Created - Thursday, December 18, 2014 at 23:34

Goals
1 2 3 T
Oilers 1 0 0 1
Sharks 0 1 2 3
Shots
1 2 3 T
Oilers 9 12 7 28
Sharks 6 10 10 26

1st period

1. Oilers , Nicklas Backstrom 11 (Alexander Semin) at 5:28 (PP)

Penalties :
Brian Gionta (SJ ) for Hooking (Minor) at 4:04, Brayden McNabb (Edm) for Hooking (Minor) at 17:31

2nd period

2. Sharks , Dion Phaneuf 13 (Nathan Gerbe, Luke Glendening) at 13:59

Penalties :
Dion Phaneuf (SJ ) for Roughing (Minor) at 4:39, Scott Hannan (Edm) for Holding (Minor) at 10:47

3rd period

3. Sharks , Nathan Gerbe 5 (Olli Jokinen, Brian Gionta) at 10:48 (PP)
4. Sharks , Nathan Gerbe 6 (Nicklas Grossmann, Brian Gionta) at 19:44 (PP)

Penalties :
Matt Hendricks (SJ ) for Interference (Minor) at 2:14, Chris Stewart (Edm) for Hooking (Minor) at 10:30, Andrew Ladd (Edm) for Slashing (Minor) at 18:38

Goalie Stats

Jean-Sebastien Giguere (Edm), 23 saves from 26 shots - (0.885), L, 7-4-1, 60:00 minutes
Dov Grumet-Morris (SJ ), 27 saves from 28 shots - (0.964), W, 2-5-0, 60:00 minutes

Players Stats for Oilers

Player Name              G  A  P  +/- PIM S  H  SB GA TA FO     MP     PP MP  PK MP  
------------------------------------------------------------------------------------
Ales Hemsky              0  0  0   0  0   2  1  0  2  0  0/0    13:23   0:00   1:37 
Alexander Semin          0  1  1   0  0   0  0  0  5  0  0/0    16:31   2:44   0:00 
Andrej Sekera            0  0  0  -1  0   0  0  2  0  0  0/0    14:04   0:00   0:10 
Andrew Ladd              0  0  0   0  2   2  3  0  2  2  0/1    16:21   2:21   0:41 
Andrew MacDonald         0  0  0   0  0   2  1  1  0  1  0/0    22:40   2:21   2:24 
Brayden McNabb           0  0  0   0  2   2  1  0  0  0  0/0    17:28   0:00   0:00 
Brayden Schenn           0  0  0   0  0   0  0  0  0  0  0/0     9:25   0:00   0:00 
Chris Stewart            0  0  0   0  2   2  0  0  1  0  0/0     9:24   0:00   0:00 
Darren Helm              0  0  0   0  0   2  3  0  1  1  0/2    15:32   2:38   3:04 
David Desharnais         0  0  0   0  0   1  2  1  0  0  1/8    16:27   2:38   0:39 
David Schlemko           0  0  0   0  0   2  0  4  0  1  0/0    20:37   0:00   2:58 
Kimmo Timonen            0  0  0   0  0   2  3  1  0  2  0/0    23:47   3:01   2:24 
Mikkel Boedker           0  0  0  -1  0   3  2  1  3  0  0/0    16:17   2:38   0:00 
Nick Bonino              0  0  0   0  0   3  0  0  3  1  0/0    12:37   0:00   0:41 
Nicklas Backstrom        1  0  1  -1  0   3  2  1  0  0  9/10   17:29   2:44   0:00 
Scott Hannan             0  0  0  -1  2   0  1  0  0  3  0/0    16:41   0:00   2:48 
Shane Doan               0  0  0  -1  0   1  2  0  0  0  0/1    17:29   2:44   0:00 
Vladimir Sobotka         0  0  0   0  0   1  3  0  0  1  6/10   18:22   3:01   4:02 

Players Stats for Sharks

Player Name              G  A  P  +/- PIM S  H  SB GA TA FO     MP     PP MP  PK MP  
------------------------------------------------------------------------------------
Adam Hall                0  0  0   0  0   1  3  1  0  0  1/5    17:36   2:01   1:58 
Andrew Ebbett            0  0  0   0  0   1  2  0  1  0  0/0    11:29   0:50   0:43 
Blake Comeau             0  0  0   0  0   0  1  0  0  0  1/2     8:47   0:00   0:00 
Brian Gionta             0  2  2   0  2   0  1  1  1  0  0/2    17:40   3:23   2:52 
Cory Sarich              0  0  0   1  0   0  0  0  0  0  0/0     4:39   0:00   0:00 
Deryk Engelland          0  0  0   0  0   0  1  1  0  0  0/0    13:14   0:00   0:00 
Dion Phaneuf             1  0  1   1  2   3  5  0  2  1  0/0    24:08   2:42   1:50 
Erik Gustafsson          0  0  0   0  0   0  1  0  1  0  0/0    14:24   0:00   0:43 
Henrik Sedin             0  0  0   0  0   2  0  0  2  1  6/11   21:51   1:36   3:33 
Jay Harrison             0  0  0   0  0   1  2  3  1  1  0/0    21:30   2:40   2:49 
Luke Glendening          0  1  1   1  0   1  1  0  0  0  0/1    14:54   0:00   0:00 
Mark Fistric             0  0  0   0  0   0  1  0  0  1  0/0    13:41   0:00   0:00 
Matt Hendricks           0  0  0   1  2   5  2  0  0  1  0/0    15:54   0:00   0:00 
Mike Green               0  0  0   0  0   3  0  3  1  4  0/0    21:19   2:40   2:41 
Nathan Gerbe             2  1  3   1  0   2  0  0  2  0  0/1    16:47   2:54   0:00 
Nicklas Grossmann        0  1  1   0  0   3  0  0  0  1  0/0    20:21   2:42   2:41 
Olli Jokinen             0  1  1   0  0   2  1  0  2  0  7/9    19:02   2:54   0:49 
Rich Peverley            0  0  0   0  0   2  0  0  3  0  1/1    17:19   2:28   0:49 

3 Stars

1 - Nathan Gerbe (SJ )
2 - Dov Grumet-Morris (SJ )
3 - Dion Phaneuf (SJ )

Power Play

Oilers - 1 on 3 Attempt(s) - 33.33%
Sharks - 2 on 4 Attempt(s) - 50.00%

Penalty Kill

Oilers - 2 on 4 Attempt(s) - 50.00% - Score 0 goal in Penalty Kill
Sharks - 2 on 3 Attempt(s) - 66.67% - Score 0 goal in Penalty Kill

Official

Referees : Unknown
Linesman : Unknown

Game Notes

19:44 of 3rd period - Sharks goal is going for a video replay. After video review, Goal.

Finance

Level 1 -- Attendance: 5028 (83.80%) -- Ticket Income $447,492
Level 2 -- Attendance: 3328 (66.56%) -- Ticket Income $229,632
Level 3 -- Attendance: 1580 (79.00%) -- Ticket Income $55,300
Level 4 -- Attendance: 2510 (62.75%) -- Ticket Income $62,750
Luxury Box -- Attendance: 777 (77.70%) -- Ticket Income $154,623
Game was played at the HP Pavilion
Total Attendance: 13223 (73.46%)
Total Ticket Income: $949,797
Other Income: $465,401
Total Income: $1,415,198

Oilers

5 vs 5 Forward 
   Center                   Left Wing                Right Wing               Time % Phy DF OF 
 1 Nicklas Backstrom        Mikkel Boedker           Shane Doan               37     0   1  4  
 2 David Desharnais         Andrew Ladd              Alexander Semin          33     0   1  4  
 3 Vladimir Sobotka         Nick Bonino              Ales Hemsky              25     0   2  3  
 4 Darren Helm              Brayden Schenn           Chris Stewart            5      1   2  2  

5 vs 5 Defense 
   Defense                  Defense                                           Time % Phy DF OF 
 1 Kimmo Timonen            Andrew MacDonald                                  45     1   4  0  
 2 David Schlemko           Brayden McNabb                                    35     1   4  0  
 3 Scott Hannan             Andrej Sekera                                     20     1   4  0  
 4 Kimmo Timonen            Andrew MacDonald                                  0      1   4  0  

PowerPlay Forward 
   Center                   Left Wing                Right Wing               Time % Phy DF OF 
 1 Nicklas Backstrom        Shane Doan               Alexander Semin          55     0   1  4  
 2 David Desharnais         Darren Helm              Mikkel Boedker           45     0   1  4  

PowerPlay Defense
   Defense                  Defense                                           Time % Phy DF OF 
 1 Kimmo Timonen            Vladimir Sobotka                                  50     1   2  2  
 2 Andrew MacDonald         Andrew Ladd                                       50     1   2  2  

Penalty Kill 4 Players Forward 
   Center                   Wing                     Time % Phy DF OF 
 1 Vladimir Sobotka         Darren Helm              60     0   4  1  
 2 Nick Bonino              Andrew Ladd              40     0   4  1  

Penalty Kill 4 Players Defense
   Defense                  Defense                  Time % Phy DF OF 
 1 Kimmo Timonen            Andrew MacDonald         55     1   4  0  
 2 Scott Hannan             David Schlemko           45     1   4  0  

Penalty Kill - 3 Players Forward 
   Forward                                           Time % Phy DF OF 
 1 Vladimir Sobotka                                  55     0   5  0  
 2 Darren Helm                                       45     0   5  0  

Penalty Kill - 3 Players Defense
   Defense                  Defense                  Time % Phy DF OF 
 1 Kimmo Timonen            Andrew MacDonald         50     1   4  0  
 2 Scott Hannan             David Schlemko           50     1   4  0  

4 vs 4 Forward 
   Center                   Wing                     Time % Phy DF OF 
 1 Nicklas Backstrom        Shane Doan               60     0   1  4  
 2 Nick Bonino              Alexander Semin          40     0   1  4  

4 vs 4 Defense
   Defense                  Defense                  Time % Phy DF OF 
 1 Kimmo Timonen            Andrew MacDonald         50     1   4  0  
 2 David Schlemko           Brayden McNabb           50     1   4  0  

Last Minutes Offensive
   Center                   Left Wing                Right Wing               Defense                  Defense                  
   Nicklas Backstrom        Shane Doan               Alexander Semin          Kimmo Timonen            David Desharnais         

Last Minutes Defensive
   Center                   Left Wing                Right Wing               Defense                  Defense                  
   Vladimir Sobotka         Darren Helm              Andrew Ladd              Kimmo Timonen            Andrew MacDonald         

Goaltenders
Starting : Jean-Sebastien Giguere   
Backup : Roberto Luongo           

Extra Forwards
Normal : Shane Doan, Mikkel Boedker, Ales Hemsky - PP : Shane Doan, Alexander Semin - PK : Darren Helm
Extra Defensemen
Normal : Kimmo Timonen, Andrew MacDonald, Scott Hannan - PP : Kimmo Timonen - PK : Scott Hannan, Kimmo Timonen
Penalty Shots
David Desharnais, Nick Bonino, Andrew Ladd, Nicklas Backstrom, Ales Hemsky

Sharks

5 vs 5 Forward 
   Center                   Left Wing                Right Wing               Time % Phy DF OF 
 1 Henrik Sedin             Deryk Engelland          Rich Peverley            35     1   2  2  
 2 Olli Jokinen             Luke Glendening          Matt Hendricks           30     1   2  2  
 3 Adam Hall                Nathan Gerbe             Brian Gionta             22     1   2  2  
 4 Blake Comeau             Andrew Ebbett            Henrik Sedin             13     1   2  2  

5 vs 5 Defense 
   Defense                  Defense                                           Time % Phy DF OF 
 1 Dion Phaneuf             Nicklas Grossmann                                 35     1   2  2  
 2 Mike Green               Jay Harrison                                      30     1   2  2  
 3 Mark Fistric             Erik Gustafsson                                   22     1   2  2  
 4 Dion Phaneuf             Cory Sarich                                       13     1   2  2  

PowerPlay Forward 
   Center                   Left Wing                Right Wing               Time % Phy DF OF 
 1 Henrik Sedin             Adam Hall                Rich Peverley            60     1   2  2  
 2 Olli Jokinen             Brian Gionta             Nathan Gerbe             40     1   2  2  

PowerPlay Defense
   Defense                  Defense                                           Time % Phy DF OF 
 1 Dion Phaneuf             Nicklas Grossmann                                 60     1   2  2  
 2 Mike Green               Jay Harrison                                      40     1   2  2  

Penalty Kill 4 Players Forward 
   Center                   Wing                     Time % Phy DF OF 
 1 Henrik Sedin             Brian Gionta             60     1   2  2  
 2 Olli Jokinen             Rich Peverley            40     1   2  2  

Penalty Kill 4 Players Defense
   Defense                  Defense                  Time % Phy DF OF 
 1 Dion Phaneuf             Nicklas Grossmann        60     1   2  2  
 2 Mike Green               Jay Harrison             40     1   2  2  

Penalty Kill - 3 Players Forward 
   Forward                                           Time % Phy DF OF 
 1 Henrik Sedin                                      60     1   2  2  
 2 Rich Peverley                                     40     1   2  2  

Penalty Kill - 3 Players Defense
   Defense                  Defense                  Time % Phy DF OF 
 1 Dion Phaneuf             Nicklas Grossmann        60     1   2  2  
 2 Mike Green               Jay Harrison             40     1   2  2  

4 vs 4 Forward 
   Center                   Wing                     Time % Phy DF OF 
 1 Henrik Sedin             Nathan Gerbe             60     1   2  2  
 2 Olli Jokinen             Rich Peverley            40     1   2  2  

4 vs 4 Defense
   Defense                  Defense                  Time % Phy DF OF 
 1 Dion Phaneuf             Nicklas Grossmann        60     1   2  2  
 2 Mike Green               Jay Harrison             40     1   2  2  

Last Minutes Offensive
   Center                   Left Wing                Right Wing               Defense                  Defense                  
   Henrik Sedin             Deryk Engelland          Rich Peverley            Dion Phaneuf             Nicklas Grossmann        

Last Minutes Defensive
   Center                   Left Wing                Right Wing               Defense                  Defense                  
   Henrik Sedin             Deryk Engelland          Rich Peverley            Dion Phaneuf             Nicklas Grossmann        

Goaltenders
Starting : Dov Grumet-Morris        
Backup : Viktor Fasth             

Extra Forwards
Normal : Brian Gionta, Nathan Gerbe, Adam Hall - PP : Brian Gionta, Nathan Gerbe - PK : Adam Hall
Extra Defensemen
Normal : Jay Harrison, Nicklas Grossmann, Mike Green - PP : Jay Harrison - PK : Jay Harrison, Nicklas Grossmann
Penalty Shots
Henrik Sedin, Brian Gionta, Olli Jokinen, Rich Peverley, Adam Hall

% Time on Ice - Oilers

Lines # - Real PCT - Wanted PCT - Time Play
Normal Forward
1 - 31% - 37% - 15:14
2 - 27% - 33% - 13:20
3 - 23% - 25% - 11:17
4 - 19% - 5% - 9:25
Normal Defense
1 - 37% - 45% - 18:22
2 - 36% - 35% - 17:39
3 - 27% - 20% - 13:15
4 - 0% - 0% - 0:00
PP Forward
1 - 51% - 55% - 2:44
2 - 49% - 45% - 2:38
PP Defense
1 - 56% - 50% - 3:01
2 - 44% - 50% - 2:21
PK Forward
1 - 87% - 60% - 4:41
2 - 13% - 40% - 0:41
PK Defense
1 - 45% - 55% - 2:24
2 - 55% - 45% - 2:58
PK3 Forward
1 - 0% - 55%
2 - 0% - 45%
PK3 Defense
1 - 0% - 50%
2 - 0% - 50%
44 Forward
1 - 0% - 60%
2 - 0% - 40%
44 Defense
1 - 0% - 50%
2 - 0% - 50%
Last Minute Offensive  - 0:00
Last Minute Defensive  - 0:00
Total
Forward - 60:00
Defense - 60:00

% Time on Ice - Sharks

Lines # - Real PCT - Wanted PCT - Time Play
Normal Forward
1 - 29% - 35% - 14:23
2 - 32% - 30% - 15:50
3 - 21% - 22% - 10:16
4 - 18% - 13% - 8:47
Normal Defense
1 - 30% - 35% - 14:58
2 - 32% - 30% - 15:58
3 - 28% - 22% - 13:41
4 - 9% - 13% - 4:39
PP Forward
1 - 46% - 60% - 2:28
2 - 54% - 40% - 2:54
PP Defense
1 - 50% - 60% - 2:42
2 - 50% - 40% - 2:40
PK Forward
1 - 85% - 60% - 4:33
2 - 15% - 40% - 0:49
PK Defense
1 - 50% - 60% - 2:41
2 - 50% - 40% - 2:41
PK3 Forward
1 - 0% - 60%
2 - 0% - 40%
PK3 Defense
1 - 0% - 60%
2 - 0% - 40%
44 Forward
1 - 0% - 60%
2 - 0% - 40%
44 Defense
1 - 0% - 60%
2 - 0% - 40%
Last Minute Offensive  - 0:00
Last Minute Defensive  - 0:00
Total
Forward - 60:00
Defense - 60:00

Play by Play

1st period


0:01 of 1st period - Nicklas Backstrom wins face-off versus Henrik Sedin in neutral zone.
0:16 of 1st period - Wrist shot by Rich Peverley.
0:16 of 1st period - Stopped by Jean-Sebastien Giguere without a rebound.
0:17 of 1st period - Henrik Sedin wins face-off versus Shane Doan in Oilers zone.
0:18 of 1st period - Slapshot by Rich Peverley.
0:18 of 1st period - Shot Hit the Post.
0:30 of 1st period - Snap shot by Mikkel Boedker.
0:30 of 1st period - Stopped by Dov Grumet-Morris without a rebound.
0:31 of 1st period - Olli Jokinen wins face-off versus David Desharnais in Sharks zone.
2:37 of 1st period - Nicklas Backstrom is hit by Mark Fistric and loses puck.
3:20 of 1st period - Slapshot by Olli Jokinen.
3:20 of 1st period - Shot Misses the Net.
3:22 of 1st period - Snap shot by Dion Phaneuf.
3:22 of 1st period - Deflect By Brayden Schenn.
3:22 of 1st period - Stopped by Jean-Sebastien Giguere with a rebound.
3:24 of 1st period - Snap shot by Matt Hendricks.
3:24 of 1st period - Deflect By Andrej Sekera.
3:24 of 1st period - Stopped by Jean-Sebastien Giguere with a rebound.
4:04 of 1st period - Minor Penalty to Brian Gionta for Hooking.
4:05 of 1st period - Nicklas Backstrom wins face-off versus Henrik Sedin in Sharks zone.
5:17 of 1st period - Jay Harrison is hit by Darren Helm and loses puck.
5:28 of 1st period - Slapshot by Nicklas Backstrom.
5:28 of 1st period - Goal by Nicklas Backstrom - Oilers : 1 - Sharks : 0.
5:29 of 1st period - Nicklas Backstrom wins face-off versus Olli Jokinen in neutral zone.
5:38 of 1st period - Slapshot by Mikkel Boedker.
5:38 of 1st period - Shot Misses the Net.
5:51 of 1st period - Slapshot by Mike Green.
5:51 of 1st period - Deflect By Nicklas Backstrom.
5:51 of 1st period - Stopped by Jean-Sebastien Giguere with a rebound.
6:01 of 1st period - Wrist shot by Olli Jokinen.
6:01 of 1st period - Shot Misses the Net.
6:03 of 1st period - Snap shot by Matt Hendricks.
6:03 of 1st period - Shot Blocked by Nicklas Backstrom.
6:05 of 1st period - Snap shot by Matt Hendricks.
6:05 of 1st period - Stopped by Jean-Sebastien Giguere without a rebound.
6:06 of 1st period - Henrik Sedin wins face-off versus Andrew Ladd in Oilers zone.
6:28 of 1st period - Wrist shot by Andrew Ladd.
6:28 of 1st period - Stopped by Dov Grumet-Morris without a rebound.
6:29 of 1st period - Vladimir Sobotka wins face-off versus Adam Hall in Sharks zone.
6:47 of 1st period - Snap shot by Ales Hemsky.
6:47 of 1st period - Shot Misses the Net.
6:49 of 1st period - Snap shot by Ales Hemsky.
6:49 of 1st period - Stopped by Dov Grumet-Morris with a rebound.
6:57 of 1st period - Snap shot by Ales Hemsky.
6:57 of 1st period - Stopped by Dov Grumet-Morris with a rebound.
8:28 of 1st period - Henrik Sedin is hit by Kimmo Timonen and loses puck.
8:53 of 1st period - Snap shot by Darren Helm.
8:53 of 1st period - Stopped by Dov Grumet-Morris with a rebound.
8:55 of 1st period - Snap shot by David Schlemko.
8:55 of 1st period - Shot Blocked by Mike Green.
8:57 of 1st period - Slapshot by Brayden McNabb.
8:57 of 1st period - Shot Blocked by Jay Harrison.
8:59 of 1st period - Slapshot by Chris Stewart.
8:59 of 1st period - Stopped by Dov Grumet-Morris with a rebound.
9:01 of 1st period - Backhand shot by Chris Stewart.
9:01 of 1st period - Stopped by Dov Grumet-Morris with a rebound.
9:11 of 1st period - Slapshot by Darren Helm.
9:11 of 1st period - Shot Blocked by Mike Green.
9:13 of 1st period - Slapshot by David Schlemko.
9:13 of 1st period - Shot Blocked by Jay Harrison.
9:23 of 1st period - Wrist shot by Brayden Schenn.
9:23 of 1st period - Shot Misses the Net.
11:08 of 1st period - Adam Hall is hit by Andrew Ladd.
11:57 of 1st period - Mike Green is hit by Nicklas Backstrom and loses puck.
12:34 of 1st period - Dion Phaneuf is hit by Scott Hannan and loses puck.
13:03 of 1st period - Kimmo Timonen is hit by Luke Glendening.
13:32 of 1st period - Wrist shot by Darren Helm.
13:32 of 1st period - Stopped by Dov Grumet-Morris with a rebound.
13:35 of 1st period - Icing by Mark Fistric.
13:36 of 1st period - Nicklas Backstrom wins face-off versus Brian Gionta in Sharks zone.
14:28 of 1st period - Dion Phaneuf is hit by Andrew Ladd and loses puck.
14:51 of 1st period - Andrew MacDonald is hit by Dion Phaneuf.
14:56 of 1st period - Off-side.
14:57 of 1st period - Blake Comeau wins face-off versus Vladimir Sobotka in neutral zone.
15:58 of 1st period - Icing by Andrew MacDonald.
15:59 of 1st period - Olli Jokinen wins face-off versus Darren Helm in Oilers zone.
17:31 of 1st period - Minor Penalty to Brayden McNabb for Hooking.
17:32 of 1st period - Olli Jokinen wins face-off versus Vladimir Sobotka in Oilers zone.
17:49 of 1st period - Slapshot by Nathan Gerbe.
17:49 of 1st period - Shot Blocked by David Schlemko.
18:03 of 1st period - Adam Hall is hit by Vladimir Sobotka and loses puck.
18:16 of 1st period - Snap shot by Rich Peverley.
18:16 of 1st period - Stopped by Jean-Sebastien Giguere with a rebound.
18:54 of 1st period - David Schlemko is hit by Dion Phaneuf and loses puck.
19:27 of 1st period - Nathan Gerbe is hit by David Desharnais and loses puck.
19:31 of 1st period - Penalty to Brayden McNabb is over, Brayden McNabb is back on ice.
19:36 of 1st period - David Desharnais is hit by Brian Gionta.
Goals for this period are 1 for Oilers vs 0 for Sharks.
Shots for this period are 9 for Oilers vs 6 for Sharks.

2nd period


0:01 of 2nd period - David Desharnais wins face-off versus Henrik Sedin in neutral zone.
1:10 of 2nd period - Snap shot by Mikkel Boedker.
1:10 of 2nd period - Shot Misses the Net.
1:12 of 2nd period - Slapshot by David Schlemko.
1:12 of 2nd period - Shot Misses the Net.
1:14 of 2nd period - Slapshot by David Schlemko.
1:14 of 2nd period - Stopped by Dov Grumet-Morris with a rebound.
1:16 of 2nd period - Snap shot by David Schlemko.
1:16 of 2nd period - Deflect By Henrik Sedin.
1:16 of 2nd period - Stopped by Dov Grumet-Morris with a rebound.
1:18 of 2nd period - Slapshot by Brayden McNabb.
1:18 of 2nd period - Stopped by Dov Grumet-Morris without a rebound.
1:19 of 2nd period - Vladimir Sobotka wins face-off versus Luke Glendening in Sharks zone.
1:35 of 2nd period - Wrist shot by Nick Bonino.
1:35 of 2nd period - Stopped by Dov Grumet-Morris with a rebound.
2:15 of 2nd period - Andrew Ladd is hit by Adam Hall and loses puck.
2:30 of 2nd period - Andrew Ladd is hit by Jay Harrison and loses puck.
3:07 of 2nd period - Snap shot by Blake Comeau.
3:07 of 2nd period - Shot Misses the Net.
3:20 of 2nd period - Cory Sarich is hit by Shane Doan and loses puck.
3:27 of 2nd period - Slapshot by Nicklas Backstrom.
3:27 of 2nd period - Stopped by Dov Grumet-Morris with a rebound.
3:29 of 2nd period - Slapshot by Brayden McNabb.
3:29 of 2nd period - Stopped by Dov Grumet-Morris without a rebound.
3:30 of 2nd period - Olli Jokinen wins face-off versus Darren Helm in Sharks zone.
3:37 of 2nd period - Slapshot by Dion Phaneuf.
3:37 of 2nd period - Stopped by Jean-Sebastien Giguere with a rebound.
4:18 of 2nd period - Icing by Dion Phaneuf.
4:19 of 2nd period - Vladimir Sobotka wins face-off versus Adam Hall in Sharks zone.
4:20 of 2nd period - Slapshot by Nick Bonino.
4:20 of 2nd period - Stopped by Dov Grumet-Morris with a rebound.
4:22 of 2nd period - Wrist shot by Andrew MacDonald.
4:22 of 2nd period - Stopped by Dov Grumet-Morris with a rebound.
4:39 of 2nd period - Minor Penalty to Dion Phaneuf for Roughing.
4:40 of 2nd period - Nicklas Backstrom wins face-off versus Henrik Sedin in Sharks zone.
5:12 of 2nd period - Wrist shot by Nicklas Backstrom.
5:12 of 2nd period - Shot Misses the Net.
5:14 of 2nd period - Slapshot by Andrew MacDonald.
5:14 of 2nd period - Shot Misses the Net.
5:16 of 2nd period - Snap shot by Andrew Ladd.
5:16 of 2nd period - Shot Misses the Net.
5:18 of 2nd period - Slapshot by Andrew MacDonald.
5:18 of 2nd period - Deflect By Nicklas Backstrom.
5:18 of 2nd period - Stopped by Dov Grumet-Morris with a rebound.
6:39 of 2nd period - Penalty to Dion Phaneuf is over, Dion Phaneuf is back on ice.
6:40 of 2nd period - Rich Peverley is hit by Vladimir Sobotka and loses puck.
6:56 of 2nd period - Brayden McNabb is hit by Dion Phaneuf and loses puck.
7:51 of 2nd period - Snap shot by Henrik Sedin.
7:51 of 2nd period - Shot Blocked by David Schlemko.
7:53 of 2nd period - Snap shot by Henrik Sedin.
7:53 of 2nd period - Stopped by Jean-Sebastien Giguere with a rebound.
7:55 of 2nd period - Slapshot by Mark Fistric.
7:55 of 2nd period - Shot Misses the Net.
7:57 of 2nd period - Slapshot by Mark Fistric.
7:57 of 2nd period - Shot Misses the Net.
7:59 of 2nd period - Snap shot by Henrik Sedin.
7:59 of 2nd period - Shot Misses the Net.
8:09 of 2nd period - Brayden Schenn is hit by Blake Comeau and loses puck.
8:20 of 2nd period - Brayden McNabb is hit by Adam Hall and loses puck.
8:53 of 2nd period - Slapshot by Dion Phaneuf.
8:53 of 2nd period - Shot Misses the Net.
8:55 of 2nd period - Slapshot by Nicklas Grossmann.
8:55 of 2nd period - Stopped by Jean-Sebastien Giguere with a rebound.
9:34 of 2nd period - Slapshot by Vladimir Sobotka.
9:34 of 2nd period - Shot Misses the Net.
9:50 of 2nd period - Vladimir Sobotka is hit by Andrew Ebbett and loses puck.
10:38 of 2nd period - Snap shot by Vladimir Sobotka.
10:38 of 2nd period - Shot Misses the Net.
10:47 of 2nd period - Minor Penalty to Scott Hannan for Holding.
10:48 of 2nd period - Vladimir Sobotka wins face-off versus Brian Gionta in Oilers zone.
11:09 of 2nd period - Snap shot by Vladimir Sobotka.
11:09 of 2nd period - Stopped by Dov Grumet-Morris with a rebound.
11:27 of 2nd period - Andrew MacDonald is hit by Olli Jokinen and loses puck.
12:47 of 2nd period - Penalty to Scott Hannan is over, Scott Hannan is back on ice.
12:51 of 2nd period - Nick Bonino is hit by Adam Hall.
13:32 of 2nd period - Snap shot by Andrew Ebbett.
13:32 of 2nd period - Shot Misses the Net.
13:48 of 2nd period - Scott Hannan is hit by Matt Hendricks and loses puck.
13:57 of 2nd period - Wrist shot by Nathan Gerbe.
13:57 of 2nd period - Shot Misses the Net.
13:59 of 2nd period - Slapshot by Dion Phaneuf.
13:59 of 2nd period - Goal by Dion Phaneuf - Oilers : 1 - Sharks : 1.
14:00 of 2nd period - Olli Jokinen wins face-off versus David Desharnais in neutral zone.
14:03 of 2nd period - Slapshot by Mike Green.
14:03 of 2nd period - Shot Blocked by David Desharnais.
14:27 of 2nd period - Wrist shot by David Desharnais.
14:27 of 2nd period - Shot Misses the Net.
14:43 of 2nd period - Snap shot by Brian Gionta.
14:43 of 2nd period - Shot Misses the Net.
14:45 of 2nd period - Slapshot by Mike Green.
14:45 of 2nd period - Stopped by Jean-Sebastien Giguere with a rebound.
14:47 of 2nd period - Slapshot by Mike Green.
14:47 of 2nd period - Shot Misses the Net.
15:08 of 2nd period - Wrist shot by Andrew Ebbett.
15:08 of 2nd period - Deflect By Brayden McNabb.
15:08 of 2nd period - Stopped by Jean-Sebastien Giguere with a rebound.
15:10 of 2nd period - Slapshot by Dion Phaneuf.
15:10 of 2nd period - Shot Blocked by David Schlemko.
15:12 of 2nd period - Wrist shot by Henrik Sedin.
15:12 of 2nd period - Deflect By Andrew Ebbett.
15:12 of 2nd period - Shot Misses the Net.
15:12 of 2nd period - Puck is out of play.
15:13 of 2nd period - Vladimir Sobotka wins face-off versus Blake Comeau in Oilers zone.
15:40 of 2nd period - Nicklas Grossmann is hit by Kimmo Timonen and loses puck.
16:35 of 2nd period - Slapshot by Matt Hendricks.
16:35 of 2nd period - Stopped by Jean-Sebastien Giguere with a rebound.
17:09 of 2nd period - Wrist shot by Mikkel Boedker.
17:09 of 2nd period - Stopped by Dov Grumet-Morris without a rebound.
17:10 of 2nd period - Nicklas Backstrom wins face-off versus Adam Hall in Sharks zone.
17:17 of 2nd period - Slapshot by Dion Phaneuf.
17:17 of 2nd period - Shot Misses the Net.
17:23 of 2nd period - Nicklas Grossmann is hit by Mikkel Boedker and loses puck.
17:50 of 2nd period - Nicklas Grossmann is hit by Darren Helm and loses puck.
18:19 of 2nd period - Rich Peverley is hit by Darren Helm and loses puck.
18:36 of 2nd period - Slapshot by Vladimir Sobotka.
18:36 of 2nd period - Shot Misses the Net.
18:38 of 2nd period - Wrist shot by Kimmo Timonen.
18:38 of 2nd period - Shot Blocked by Deryk Engelland.
18:40 of 2nd period - Slapshot by Nick Bonino.
18:40 of 2nd period - Stopped by Dov Grumet-Morris without a rebound.
18:41 of 2nd period - Adam Hall wins face-off versus Vladimir Sobotka in Sharks zone.
19:38 of 2nd period - Slapshot by Mike Green.
19:38 of 2nd period - Stopped by Jean-Sebastien Giguere with a rebound.
19:40 of 2nd period - Slapshot by Mike Green.
19:40 of 2nd period - Shot Blocked by Mikkel Boedker.
19:42 of 2nd period - Slapshot by Rich Peverley.
19:42 of 2nd period - Shot Blocked by Andrej Sekera.
19:44 of 2nd period - Wrist shot by Adam Hall.
19:44 of 2nd period - Stopped by Jean-Sebastien Giguere with a rebound.
19:46 of 2nd period - Snap shot by Jay Harrison.
19:46 of 2nd period - Stopped by Jean-Sebastien Giguere with a rebound.
Goals for this period are 0 for Oilers vs 1 for Sharks.
Shots for this period are 12 for Oilers vs 10 for Sharks.

3rd period


0:01 of 3rd period - Henrik Sedin wins face-off versus David Desharnais in neutral zone.
0:04 of 3rd period - Andrew MacDonald is hit by Deryk Engelland and loses puck.
0:21 of 3rd period - Wrist shot by Andrew Ladd.
0:21 of 3rd period - Stopped by Dov Grumet-Morris without a rebound.
0:22 of 3rd period - Nicklas Backstrom wins face-off versus Nathan Gerbe in Sharks zone.
0:25 of 3rd period - Snap shot by Nicklas Backstrom.
0:25 of 3rd period - Shot Misses the Net.
0:27 of 3rd period - Slapshot by David Schlemko.
0:27 of 3rd period - Shot Blocked by Adam Hall.
0:42 of 3rd period - Off-side.
0:43 of 3rd period - Rich Peverley wins face-off versus David Desharnais in neutral zone.
0:53 of 3rd period - Snap shot by Henrik Sedin.
0:53 of 3rd period - Stopped by Jean-Sebastien Giguere with a rebound.
0:55 of 3rd period - Slapshot by Nicklas Grossmann.
0:55 of 3rd period - Shot Blocked by Kimmo Timonen.
0:57 of 3rd period - Slapshot by Nicklas Grossmann.
0:57 of 3rd period - Shot Misses the Net.
0:59 of 3rd period - Wrist shot by Nicklas Grossmann.
0:59 of 3rd period - Stopped by Jean-Sebastien Giguere without a rebound.
1:00 of 3rd period - Henrik Sedin wins face-off versus David Desharnais in Oilers zone.
1:29 of 3rd period - Wrist shot by David Desharnais.
1:29 of 3rd period - Stopped by Dov Grumet-Morris without a rebound.
1:30 of 3rd period - Olli Jokinen wins face-off versus Nicklas Backstrom in Sharks zone.
1:30 of 3rd period - Olli Jokinen is hit by Nicklas Backstrom.
1:38 of 3rd period - Brayden McNabb is hit by Matt Hendricks.
2:08 of 3rd period - Snap shot by Nicklas Backstrom.
2:08 of 3rd period - Shot Blocked by Jay Harrison.
2:14 of 3rd period - Minor Penalty to Matt Hendricks for Interference.
2:15 of 3rd period - Henrik Sedin wins face-off versus David Desharnais in Sharks zone.
2:40 of 3rd period - Brian Gionta is hit by Andrew Ladd and loses puck.
3:40 of 3rd period - Olli Jokinen is hit by Mikkel Boedker.
4:14 of 3rd period - Penalty to Matt Hendricks is over, Matt Hendricks is back on ice.
4:28 of 3rd period - Nick Bonino is hit by Andrew Ebbett and loses puck.
5:25 of 3rd period - Nicklas Grossmann is hit by Brayden McNabb and loses puck.
7:01 of 3rd period - Snap shot by Matt Hendricks.
7:01 of 3rd period - Stopped by Jean-Sebastien Giguere with a rebound.
7:17 of 3rd period - Brayden McNabb is hit by Erik Gustafsson and loses puck.
8:07 of 3rd period - Nicklas Grossmann is hit by Ales Hemsky and loses puck.
8:14 of 3rd period - Nick Bonino is hit by Dion Phaneuf and loses puck.
8:33 of 3rd period - Olli Jokinen is hit by Vladimir Sobotka and loses puck.
8:45 of 3rd period - Erik Gustafsson is hit by Andrew MacDonald and loses puck.
9:20 of 3rd period - Jay Harrison is hit by Kimmo Timonen and loses puck.
9:53 of 3rd period - David Schlemko is hit by Jay Harrison and loses puck.
10:04 of 3rd period - Snap shot by Nicklas Backstrom.
10:04 of 3rd period - Deflect By Mikkel Boedker.
10:04 of 3rd period - Shot Blocked by Mike Green.
10:04 of 3rd period - Puck is out of play.
10:05 of 3rd period - Nicklas Backstrom wins face-off versus Henrik Sedin in Sharks zone.
10:30 of 3rd period - Minor Penalty to Chris Stewart for Hooking.
10:31 of 3rd period - Vladimir Sobotka wins face-off versus Olli Jokinen in Oilers zone.
10:48 of 3rd period - Wrist shot by Nathan Gerbe.
10:48 of 3rd period - Goal by Nathan Gerbe - Oilers : 1 - Sharks : 2.
10:49 of 3rd period - Nicklas Backstrom wins face-off versus Adam Hall in neutral zone.
10:54 of 3rd period - Wrist shot by Mikkel Boedker.
10:54 of 3rd period - Shot Misses the Net.
10:56 of 3rd period - Snap shot by Andrew MacDonald.
10:56 of 3rd period - Shot Misses the Net.
11:10 of 3rd period - Snap shot by Mikkel Boedker.
11:10 of 3rd period - Stopped by Dov Grumet-Morris with a rebound.
11:12 of 3rd period - Slapshot by Andrew MacDonald.
11:12 of 3rd period - Shot Misses the Net.
11:14 of 3rd period - Slapshot by Kimmo Timonen.
11:14 of 3rd period - Stopped by Dov Grumet-Morris with a rebound.
11:16 of 3rd period - Slapshot by Shane Doan.
11:16 of 3rd period - Shot Misses the Net.
11:18 of 3rd period - Slapshot by Andrew MacDonald.
11:18 of 3rd period - Shot Blocked by Brian Gionta.
11:20 of 3rd period - Slapshot by Andrew MacDonald.
11:20 of 3rd period - Stopped by Dov Grumet-Morris with a rebound.
11:22 of 3rd period - Snap shot by Kimmo Timonen.
11:22 of 3rd period - Stopped by Dov Grumet-Morris with a rebound.
11:24 of 3rd period - Slapshot by Andrew MacDonald.
11:24 of 3rd period - Shot Misses the Net.
11:26 of 3rd period - Slapshot by Andrew MacDonald.
11:26 of 3rd period - Shot Misses the Net.
12:18 of 3rd period - Wrist shot by Olli Jokinen.
12:18 of 3rd period - Stopped by Jean-Sebastien Giguere with a rebound.
12:20 of 3rd period - Slapshot by Olli Jokinen.
12:20 of 3rd period - Shot Misses the Net.
12:22 of 3rd period - Slapshot by Dion Phaneuf.
12:22 of 3rd period - Shot Blocked by Andrew MacDonald.
12:24 of 3rd period - Slapshot by Nicklas Grossmann.
12:24 of 3rd period - Deflect By Andrew Ladd.
12:24 of 3rd period - Stopped by Jean-Sebastien Giguere with a rebound.
12:28 of 3rd period - Wrist shot by Luke Glendening.
12:28 of 3rd period - Stopped by Jean-Sebastien Giguere with a rebound.
12:30 of 3rd period - Snap shot by Matt Hendricks.
12:30 of 3rd period - Stopped by Jean-Sebastien Giguere with a rebound.
12:38 of 3rd period - Alexander Semin is hit by Dion Phaneuf and loses puck.
13:43 of 3rd period - Wrist shot by Rich Peverley.
13:43 of 3rd period - Shot Misses the Net.
14:21 of 3rd period - Snap shot by Nicklas Backstrom.
14:21 of 3rd period - Deflect By Shane Doan.
14:21 of 3rd period - Stopped by Dov Grumet-Morris with a rebound.
14:41 of 3rd period - Slapshot by Andrew Ebbett.
14:41 of 3rd period - Shot Blocked by Andrej Sekera.
16:17 of 3rd period - Mark Fistric is hit by Shane Doan.
16:52 of 3rd period - Adam Hall is hit by David Desharnais and loses puck.
18:38 of 3rd period - Minor Penalty to Andrew Ladd for Slashing.
18:39 of 3rd period - Olli Jokinen wins face-off versus Vladimir Sobotka in Oilers zone.
19:40 of 3rd period - Snap shot by Nathan Gerbe.
19:40 of 3rd period - Deflect By Olli Jokinen.
19:40 of 3rd period - Stopped by Jean-Sebastien Giguere with a rebound.
19:42 of 3rd period - Snap shot by Brian Gionta.
19:42 of 3rd period - Shot Blocked by David Schlemko.
19:44 of 3rd period - Slapshot by Nicklas Grossmann.
19:44 of 3rd period - Deflect By Nathan Gerbe.
19:44 of 3rd period - Sharks goal is going for a video replay.
19:44 of 3rd period - The goal is good.
19:44 of 3rd period - Goal by Nathan Gerbe - Oilers : 1 - Sharks : 3.
19:45 of 3rd period - Henrik Sedin wins face-off versus David Desharnais in neutral zone.
Goals for this period are 0 for Oilers vs 2 for Sharks.
Shots for this period are 7 for Oilers vs 10 for Sharks.


Output by the SimonT Hockey Simulator (STHS) for Eric Dolegowski -- Original Page W3C XHTML 1.0 Valid
Hockey Simulator - Hockey Simulation - Hockey Manager